 Dungeon Crawl Stone Soup version 0.31.0-9-g3a7656b989 (webtiles) character file.

Game seed: 8198852621929832018

267 qw the Shooter (level 6, -3/30 HPs)
             Began as a Spriggan Hunter on Feb 2, 2024.
             Slain by a gnoll
             ... wielding a +0 spear
             ... led by a gnoll bouda
              (4 damage)
             ... on level 4 of the Dungeon.
             The game lasted 00:00:08 (2409 turns).

qw the Shooter (Spriggan Hunter)                    Turns: 2409, Time: 00:00:08

Health: -3/30      AC:  2    Str:  7    XL:     6   Next: 0%
Magic:  7/7        EV: 21    Int: 10    God:
Gold:   135        SH:  0    Dex: 21    Spells: 5/5 levels left

rFire   . . .        a - +1 shortbow
rCold   . . .        (shield currently unavailable)
rNeg    . . .        c - +0 robe
rPois   .            (helmet restricted)
rElec   .            (no cloak)
rCorr   .            (gloves unavailable)
SInv    +            (boots unavailable)
Will    +....        (no amulet)
Stlth   ++           (no ring)
HPRegen 0.25/turn    (no ring)
MPRegen 0.10/turn

%: no passive effects
@: very quick
A: very small, no large weapons, unfitting armour, see invisible, speed 3
a: no special abilities


You were on level 4 of the Dungeon.
You visited 1 branch of the dungeon, and saw 4 of its levels.

You collected 135 gold pieces.


Innate Abilities, Weirdness & Mutations

You are very small and have problems with some larger weapons.
You are too small for most types of armour.
You have supernaturally acute eyesight. (SInv)
You cover ground extremely quickly. (Speed+++)


   Skills:
 - Level 2.1 Fighting
 - Level 6.0 Ranged Weapons
 + Level 5.5 Dodging
 - Level 1.5 Stealth


You had 5 spell levels left.
You didn't know any spells.
Your spell library was empty.

Inventory:

Hand Weapons
 a - a +1 shortbow (weapon)
Armour
 c - a +0 robe (worn)
Potions
 b - a potion of heal wounds
 d - a potion of haste {unknown}
 g - a potion of brilliance {unknown}

Dungeon Overview and Level Annotations

Branches:
Dungeon (4/15)
 Temple: D:4-7

Altars:


Message History

You shoot an arrow. The arrow closely misses the gnoll.
The arrow hits the gnoll.
The gnoll is severely wounded.
The gnoll completely misses you.
A gnoll comes into view. It is wielding a +0 spear.
2398 ||| RETREEEEATING.
You shoot an arrow. The arrow barely misses the gnoll.
The gnoll shouts!
The gnoll completely misses you.
You shoot an arrow. The arrow hits the gnoll.
The gnoll is severely wounded.
The gnoll closely misses you. The gnoll hits you with a +0 flail.
The gnoll closely misses you.
2401 ||| RETREEEEATING.
The gnoll attacks as it pursues you! The gnoll hits you with a +0 flail.
You shoot an arrow. The arrow hits the gnoll.
The gnoll is heavily wounded.
The gnoll misses you.
You shoot an arrow. The arrow hits the gnoll!
You kill the gnoll!
You shoot an arrow. The arrow closely misses the gnoll.
The gnoll closely misses you.
You shoot an arrow. The arrow barely misses the gnoll.
The gnoll barely misses you.
You shoot an arrow.
The arrow hits the gnoll but does no damage.
The gnoll is severely wounded.
The gnoll hits you with a +0 whip.
You shoot an arrow. The arrow hits the gnoll.
You kill the gnoll!
You have reached level 6!
You shoot an arrow. The arrow hits the gnoll bouda.
The gnoll bouda is lightly wounded.
The gnoll bouda completely misses you.
You shoot an arrow.
The arrow barely misses the gnoll bouda.
The arrow hits the gnoll but does no damage.
The gnoll bouda hits you with a +0 whip!
The gnoll hits you from afar with a +0 spear.
You die...

#.# #.##.##.# #.#
###.##.##.#
####.###...##.##.#
..#.##...###.##.#
#.#....#.....##.#
##.#..#...######.#
#.....##<#######.#
#.................
#@##.............#
>..####g######.#########
...gg.gg# #.# #..
...####.# .# #.# ..$ #.#
##### #.# #.# #.# #.#


You could see a gnoll bouda and 2 gnolls.

Vanquished Creatures
  A scorpion (D:3)
  A gnoll bouda (D:3)
  Jessica (D:3)
  7 gnolls
  2 adders (D:2)
  A shadow imp (D:4)
  3 dart slugs
  A ribbon worm (D:3)
  3 endoplasms
  2 giant cockroaches (D:1)
  3 goblins
  4 hobgoblins
  4 jackals (D:3)
  2 quokkas
  5 ball pythons
  7 bats
  4 frilled lizards
  7 kobolds
  6 rats
64 creatures vanquished.

Vanquished Creatures (others)
  An endoplasm (D:3)
  A ball python (D:3)
2 creatures vanquished.

Grand Total: 66 creatures vanquished

Notes
Turn   | Place    | Note
-------+----------+-------------------------------------------
     0 | D:1      | qw the Spriggan Hunter began the quest for the Orb.
     0 | D:1      | Reached XP level 1. HP: 10/10 MP: 2/2
     0 | D:1      | 0 ||| qw: Version: 0.3-a-155-g5e7d8dd
     0 | D:1      | 0 ||| qw: Game counter: 75
     0 | D:1      | 0 ||| qw: Melee chars always use a shield: true
     0 | D:1      | 0 ||| qw: God list: Okawaru
     0 | D:1      | 0 ||| qw: Allow faded altars: false
     0 | D:1      | 0 ||| qw: Do Orc after clearing Dungeon:15 true
     0 | D:1      | 0 ||| qw: Do second Lair branch before Depths: true
     0 | D:1      | 0 ||| qw: Lair rune preference: random
     0 | D:1      | 0 ||| qw: Goals: Normal
     0 | D:1      | 0 ||| PLANNING D:1-11
   118 | D:1      | Reached skill level 3 in Dodging
   191 | D:1      | Reached XP level 2. HP: 14/14 MP: 3/3
   590 | D:1      | 590 ||| READING scroll labelled HEIFETRENAY.
   591 | D:1      | 591 ||| READING 2 scrolls labelled MULISI JITWEF.
   591 | D:1      | 591 ||| IDENTIFYING smoky cyan potion
   592 | D:1      | 592 ||| READING scroll of identify.
   592 | D:1      | 592 ||| IDENTIFYING scroll labelled ANOPSI TUDWU
   593 | D:1      | 593 ||| READING scroll labelled PESOLY LIESKA.
   694 | D:1      | 694 ||| DROPPING scroll of butterflies.
   695 | D:1      | 695 ||| DROPPING scroll of revelation.
   696 | D:1      | 696 ||| DROPPING potion of attraction.
   783 | D:2      | Reached XP level 3. HP: 18/18 MP: 4/4
  1434 | D:2      | 1434 ||| DROPPING +6 ring of intelligence.
  1435 | D:2      | 1435 ||| READING scroll labelled LIUGEY CELAONTUZ.
  1436 | D:2      | 1436 ||| READING scroll labelled SIJOPURI BONU.
  1436 | D:2      | 1436 ||| ENCHANTING +0 shortbow.
  1509 | D:3      | Noticed a scorpion
  1522 | D:3      | Killed a scorpion
  1523 | D:3      | Reached skill level 5 in Ranged Weapons
  1523 | D:3      | Reached XP level 4. HP: 8/22 MP: 5/5
  1686 | D:3      | Noticed Jessica
  1692 | D:3      | Killed Jessica
  1693 | D:3      | Reached XP level 5. HP: 18/25 MP: 6/6
  2037 | D:3      | HP: 1/26 [gnoll bouda/+0 club (7)]
  2237 | D:3      | 2237 ||| READING scroll of identify.
  2237 | D:3      | 2237 ||| IDENTIFYING bubbling silvery potion
  2238 | D:3      | 2238 ||| READING scroll labelled IQOZXU MACIMNOBB.
  2301 | D:4      | Reached skill level 6 in Ranged Weapons
  2398 | D:4      | 2398 ||| RETREEEEATING.
  2401 | D:4      | 2401 ||| RETREEEEATING.
  2408 | D:4      | Reached XP level 6. HP: 11/30 MP: 7/7
  2409 | D:4      | HP: 1/30 [gnoll bouda/+0 whip (10)]
  2409 | D:4      | Slain by a gnoll

Levels and vault maps discovered:
D:1:      dpeg_arrival_arbitrary_a, layout_basic
D:2:      layout_basic
D:3:      layout_loops_ring, lemuel_flame_loot_1, uniq_jessica
D:4:      layout_loops_ring

Skill      XL: |  1  2  3  4  5 |
---------------+----------------+-----
Dodging        | 3 4 5 |  5.5
Ranged Weapons | 5 6 |  6.0
Fighting       | 2 |  2.1
Stealth        | |  1.5

Action                     |  1- 3 |  4- 6 || total
---------------------------+-------+-------++-------
   Fire: Shortbow          |    80 |    90 ||   170
    Use: Scroll            |     6 |     2 ||     8
 Armour: Robe              |     9 |    11 ||    20
  Dodge: Dodged            |    16 |    19 ||    35

Table legend:
 A = Non-vault XP
 B = Vault XP
 C = Vault XP percentage of total XP
 D = Non-vault monster count
 E = Vault monster count
 F = Vault count percentage of total count
                 A         B        C        D         E       F
            +---------+---------+-------+---------+---------+-------
      Total |     345 |      37 |   9.7 |      64 |       1 |   1.5
            +---------+---------+-------+---------+---------+-------
        D:1 |      25 |       0 |   0.0 |      18 |       0 |   0.0
        D:2 |      43 |       0 |   0.0 |      13 |       0 |   0.0
        D:3 |     215 |      37 |  14.7 |      25 |       1 |   3.8
        D:4 |      62 |       0 |   0.0 |       8 |       0 |   0.0
            +---------+---------+-------+---------+---------+-------
